General information
- name: BNet
- type: Ladder team game (AT/RT)
- host: Battle.net
- saver: AllPigsMustDie
map: DragonFalls
- players: 8
- length: 37:22
- speed: Fast
- version: 1.26 W3XP
- replay type: Public
» download(224 KB)
Players
team 1 (winner)

»
Jmoney1 (
orange | 71 APM | 2479 actions | 35:04)
5 Archmage
3 Summon Water Elemental
2 Brilliance Aura
4 Mountain King
2 Storm Bolt
2 Bash
2 Paladin
1 Holy Light
1 Devotion Aura
» actions
| Assign group hotkey | 51 | |
| Basic commands | 3 | |
| Build / train | 96 | |
| Enter build submenu | 29 | |
| Enter hero's abilities submenu | 12 | |
| Give item / drop item | 3 | |
| Right click | 994 | |
| Select / deselect | 385 | |
| Select group hotkey | 814 | |
| Use ability | 92 | |
2479 total
» units
| Peasant | 21 | |
| Footman | 12 | |
| Siege Engine | 11 | |
| Knight | 4 | |
| Mortar Team | 1 | |
49 total
» upgrades
| Defend | 1 | |
| Gunpowder | 3 | |
| Lumber Harvesting | 2 | |
| Barrage | 1 | |
| Plating | 1 | |
| Swords | 1 | |
| Fragmentation Shards | 1 | |
10 total
» buildings
| Altar of Kings | 1 | |
| Farm | 11 | |
| Barracks | 1 | |
| Lumber Mill | 1 | |
| Arcane Vault | 1 | |
| Town Hall | 4 | |
| Scout Tower | 3 | |
| Guard Tower | 2 | |
| Keep | 2 | |
| Blacksmith | 1 | |
| Castle | 1 | |
| Gryphon Aviary | 1 | |
| Workshop | 3 | |
32 total
» build order
00:16 Altar of Kings
00:23 Farm
00:37 Barracks
00:53 Farm
01:39 Lumber Mill
02:02 Farm
03:40 Arcane Vault
03:53 Farm
04:18 Town Hall
04:34 Scout Tower
04:37 Scout Tower
04:41 Farm
05:07 Guard Tower
05:29 Scout Tower
05:35 Farm
05:57 Keep
06:59 Guard Tower
07:01 Blacksmith
07:21 Farm
08:39 Castle
08:41 Gryphon Aviary
08:45 Workshop
08:47 Workshop
08:50 Workshop
09:45 Farm
09:49 Farm
09:49 Farm
13:22 Town Hall
13:50 Farm
17:56 Town Hall
22:05 Town Hall
24:23 Keep
» items
| Scroll of Regeneration | 2 | |
| Lesser Clarity Potion | 1 | |
| Scroll of Town Portal | 3 | |
| Staff of Sanctuary | 2 | |
| Potion of Healing | 1 | |
| Orb of Fire | 1 | |
| Potion of Lesser Invulnerability | 1 | |
| Scroll of Healing | 1 | |
12 total
AllPigsMustDie (
blue | 98 APM | 3674 actions | 37:22)
10 Archmage
3 Summon Water Elemental
3 Brilliance Aura
3 Mass Teleport
1 Blizzard
» actions
| Assign group hotkey | 110 | |
| Basic commands | 512 | |
| Build / train | 175 | |
| ESC pressed | 6 | |
| Enter build submenu | 48 | |
| Enter hero's abilities submenu | 9 | |
| Give item / drop item | 14 | |
| Remove unit from queue | 1 | |
| Right click | 1159 | |
| Select / deselect | 389 | |
| Select group hotkey | 1027 | |
| Use ability | 224 | |
3674 total
» units
| Peasant | 16 | |
| Footman | 7 | |
| Goblin Shredder | 1 | |
| Goblin Zeppelin | 3 | |
| Gryphon Rider | 9 | |
| Green Dragon | 3 | |
| Dragonhawk Rider | 2 | |
41 total
» upgrades
| Armor | 3 | |
| Swords | 3 | |
| Masonry | 3 | |
| Animal War Training | 1 | |
| Lumber Harvesting | 1 | |
| Cloud | 1 | |
| Storm Hammers | 1 | |
13 total
» buildings
| Altar of Kings | 1 | |
| Barracks | 1 | |
| Farm | 23 | |
| Town Hall | 2 | |
| Arcane Vault | 1 | |
| Keep | 3 | |
| Blacksmith | 1 | |
| Lumber Mill | 1 | |
| Castle | 4 | |
| Gryphon Aviary | 5 | |
| Guard Tower | 55 | |
| Scout Tower | 23 | |
120 total
» build order
00:21 Altar of Kings
00:34 Barracks
00:52 Farm
01:05 Farm
01:42 Farm
03:45 Town Hall
04:24 Arcane Vault
06:13 Keep
06:13 Keep
06:13 Keep
06:17 Blacksmith
07:13 Lumber Mill
08:54 Castle
08:54 Castle
08:54 Castle
08:58 Gryphon Aviary
08:59 Gryphon Aviary
09:49 Guard Tower
09:49 Guard Tower
09:49 Guard Tower
10:07 Town Hall
10:08 Scout Tower
10:10 Scout Tower
10:10 Scout Tower
10:11 Scout Tower
10:38 Guard Tower
10:38 Guard Tower
10:38 Guard Tower
10:41 Guard Tower
10:41 Guard Tower
10:42 Guard Tower
10:45 Scout Tower
10:46 Scout Tower
10:47 Scout Tower
10:48 Scout Tower
10:50 Scout Tower
11:15 Guard Tower
11:15 Guard Tower
11:15 Guard Tower
11:16 Guard Tower
11:16 Guard Tower
11:16 Guard Tower
11:17 Guard Tower
11:17 Guard Tower
11:18 Guard Tower
11:52 Scout Tower
11:54 Scout Tower
11:55 Scout Tower
11:58 Scout Tower
12:10 Farm
12:23 Guard Tower
12:23 Guard Tower
12:23 Guard Tower
12:37 Guard Tower
12:37 Guard Tower
12:37 Guard Tower
14:30 Scout Tower
14:31 Scout Tower
14:32 Scout Tower
14:37 Scout Tower
15:17 Guard Tower
15:17 Guard Tower
15:18 Guard Tower
15:18 Guard Tower
16:24 Scout Tower
16:25 Scout Tower
16:29 Scout Tower
16:31 Scout Tower
16:32 Scout Tower
16:34 Scout Tower
17:01 Guard Tower
17:01 Guard Tower
17:01 Guard Tower
17:45 Guard Tower
17:45 Guard Tower
17:47 Guard Tower
17:48 Guard Tower
17:48 Guard Tower
19:09 Farm
19:11 Farm
19:13 Farm
19:15 Farm
20:49 Gryphon Aviary
20:50 Gryphon Aviary
20:56 Gryphon Aviary
21:32 Farm
22:30 Farm
22:32 Farm
35:27 Farm
35:30 Farm
35:32 Farm
35:34 Farm
35:35 Farm
35:36 Farm
35:38 Farm
35:38 Farm
35:39 Farm
37:08 Farm
37:08 Farm
37:09 Farm
» items
| Scroll of Regeneration | 7 | |
| Mechanical Critter | 3 | |
| Lesser Clarity Potion | 2 | |
| Ivory Tower | 4 | |
| Scroll of Town Portal | 1 | |
| Staff of Sanctuary | 2 | |
| Potion of Lesser Invulnerability | 1 | |
| Periapt of Vitality | 1 | |
| Scroll of Protection | 1 | |
| Tome of Retraining | 1 | |
| Staff of Teleportation | 1 | |
24 total

»
Major-Johnson (
teal | 34 APM | 861 actions | 25:28)
4 Mountain King
2 Storm Bolt
2 Bash
2 Archmage
1 Summon Water Elemental
1 Brilliance Aura
» actions
| Assign group hotkey | 9 | |
| Basic commands | 13 | |
| Build / train | 93 | |
| Enter build submenu | 32 | |
| Enter hero's abilities submenu | 6 | |
| Remove unit from queue | 3 | |
| Right click | 279 | |
| Select / deselect | 234 | |
| Select group hotkey | 121 | |
| Use ability | 71 | |
861 total
» units
| Peasant | 16 | |
| Footman | 7 | |
| Spell Breaker | 6 | |
| Flying Machine | 14 | |
| Knight | 1 | |
44 total
» upgrades
| Masonry | 3 | |
| Defend | 1 | |
| Plating | 3 | |
| Swords | 2 | |
| Lumber Harvesting | 1 | |
| Flak Cannons | 1 | |
| Animal War Training | 1 | |
| Flying Machine Bombs | 1 | |
| Gunpowder | 2 | |
| Magic Sentry | 1 | |
16 total
» buildings
| Farm | 7 | |
| Altar of Kings | 1 | |
| Barracks | 1 | |
| Lumber Mill | 1 | |
| Arcane Vault | 1 | |
| Scout Tower | 11 | |
| Blacksmith | 1 | |
| Town Hall | 3 | |
| Keep | 1 | |
| Guard Tower | 3 | |
| Arcane Sanctum | 1 | |
| Castle | 1 | |
| Workshop | 2 | |
| Cannon Tower | 1 | |
35 total
» build order
00:38 Farm
00:59 Altar of Kings
01:14 Barracks
01:20 Farm
01:59 Lumber Mill
02:37 Arcane Vault
02:43 Farm
03:27 Scout Tower
04:03 Blacksmith
04:08 Scout Tower
05:33 Town Hall
05:39 Scout Tower
06:44 Keep
06:45 Guard Tower
07:45 Town Hall
08:57 Farm
09:45 Farm
09:52 Arcane Sanctum
11:41 Castle
12:26 Workshop
13:03 Scout Tower
13:08 Scout Tower
13:36 Guard Tower
13:42 Farm
15:27 Scout Tower
18:05 Workshop
20:09 Farm
21:09 Guard Tower
21:16 Scout Tower
21:20 Scout Tower
21:28 Scout Tower
22:31 Cannon Tower
22:51 Town Hall
23:47 Scout Tower
24:23 Scout Tower
» items
| Scroll of Regeneration | 6 | |
| Scroll of Town Portal | 6 | |
| Orb of Fire | 1 | |
| Potion of Healing | 2 | |
| Scroll of Protection | 1 | |
| Circlet of Nobility | 1 | |
| Scroll of Healing | 1 | |
18 total
Dharry13 (
red | 41 APM | 1270 actions | 30:58)
4 Archmage
2 Summon Water Elemental
2 Brilliance Aura
» actions
| Basic commands | 85 | |
| Build / train | 87 | |
| Enter build submenu | 33 | |
| Enter hero's abilities submenu | 4 | |
| Remove unit from queue | 5 | |
| Right click | 362 | |
| Select / deselect | 471 | |
| Use ability | 223 | |
1270 total
» units
| Peasant | 14 | |
| Footman | 14 | |
| Knight | 26 | |
| Rifleman | -1 | |
| Priest | 4 | |
| Mortar Team | 5 | |
62 total
» upgrades
| Swords | 2 | |
| Plating | 2 | |
| Defend | 1 | |
| Lumber Harvesting | 2 | |
| Animal War Training | 1 | |
| Priest Training | 1 | |
| Masonry | 1 | |
10 total
» buildings
| Barracks | 3 | |
| Altar of Kings | 1 | |
| Farm | 13 | |
| Lumber Mill | 3 | |
| Blacksmith | 1 | |
| Keep | 1 | |
| Scout Tower | 7 | |
| Guard Tower | 3 | |
| Castle | 1 | |
| Arcane Sanctum | 1 | |
| Town Hall | 1 | |
35 total
» build order
00:12 Barracks
00:23 Altar of Kings
00:30 Farm
01:09 Farm
01:51 Farm
02:28 Farm
03:10 Farm
03:19 Lumber Mill
04:16 Blacksmith
04:18 Keep
04:24 Barracks
06:23 Scout Tower
06:55 Guard Tower
07:28 Barracks
08:11 Castle
08:42 Arcane Sanctum
08:55 Scout Tower
09:30 Guard Tower
10:29 Lumber Mill
11:37 Farm
11:43 Scout Tower
11:57 Scout Tower
13:16 Farm
13:35 Guard Tower
15:46 Farm
18:00 Lumber Mill
20:56 Farm
20:57 Farm
22:09 Farm
22:12 Farm
22:41 Scout Tower
22:44 Scout Tower
22:53 Scout Tower
24:12 Farm
29:17 Town Hall
team 2 (loser)
Clamydia (
green | 34 APM | 1248 actions | 36:33)
5 Mountain King
3 Storm Bolt
2 Bash
4 Paladin
2 Holy Light
2 Divine Shield
» actions
| Basic commands | 28 | |
| Build / train | 103 | |
| Enter build submenu | 42 | |
| Enter hero's abilities submenu | 8 | |
| Right click | 409 | |
| Select / deselect | 526 | |
| Use ability | 132 | |
1248 total
» units
| Peasant | 22 | |
| Rifleman | 18 | |
| Mortar Team | 7 | |
47 total
» upgrades
| Gunpowder | 2 | |
| Masonry | 1 | |
| Armor | 1 | |
| Lumber Harvesting | 1 | |
| Flare | 1 | |
6 total
» buildings
| Farm | 9 | |
| Altar of Kings | 1 | |
| Blacksmith | 1 | |
| Barracks | 1 | |
| Arcane Vault | 2 | |
| Lumber Mill | 1 | |
| Town Hall | 1 | |
| Scout Tower | 20 | |
| Arcane Tower | 2 | |
| Guard Tower | 11 | |
| Keep | 1 | |
| Workshop | 2 | |
| Cannon Tower | 4 | |
56 total
» build order
00:20 Farm
00:26 Altar of Kings
01:04 Farm
01:36 Blacksmith
01:54 Barracks
02:07 Farm
02:42 Arcane Vault
02:57 Farm
03:15 Lumber Mill
06:09 Town Hall
06:47 Farm
06:53 Scout Tower
06:56 Scout Tower
07:09 Arcane Vault
07:29 Arcane Tower
07:31 Guard Tower
07:37 Scout Tower
07:42 Scout Tower
07:57 Farm
08:11 Guard Tower
08:14 Scout Tower
08:15 Guard Tower
08:40 Scout Tower
09:09 Keep
09:15 Scout Tower
09:24 Guard Tower
09:26 Guard Tower
09:31 Scout Tower
10:08 Guard Tower
10:12 Scout Tower
10:19 Guard Tower
10:23 Scout Tower
10:29 Scout Tower
10:37 Farm
11:30 Guard Tower
12:02 Arcane Tower
12:04 Farm
12:10 Workshop
12:15 Workshop
12:17 Scout Tower
12:19 Guard Tower
12:41 Scout Tower
12:46 Farm
16:12 Scout Tower
16:15 Scout Tower
16:20 Scout Tower
16:35 Guard Tower
16:43 Guard Tower
17:07 Cannon Tower
17:10 Cannon Tower
18:42 Scout Tower
19:26 Cannon Tower
19:29 Scout Tower
19:31 Scout Tower
19:33 Scout Tower
20:43 Cannon Tower
» items
| Scroll of Protection | 1 | |
| Potion of Lesser Invulnerability | 1 | |
| Scroll of Town Portal | 4 | |
| Scroll of Regeneration | 3 | |
| Potion of Healing | 5 | |
| Ivory Tower | 3 | |
| Lesser Clarity Potion | 3 | |
| Potion of Mana | 1 | |
21 total
BrokenClock (
purple | 52 APM | 1932 actions | 37:03)
9 Archmage
3 Summon Water Elemental
3 Brilliance Aura
1 Mass Teleport
2 Blizzard
» actions
| Assign group hotkey | 78 | |
| Basic commands | 115 | |
| Build / train | 103 | |
| Enter build submenu | 48 | |
| Enter hero's abilities submenu | 9 | |
| Give item / drop item | 2 | |
| Remove unit from queue | 2 | |
| Right click | 734 | |
| Select / deselect | 455 | |
| Select group hotkey | 240 | |
| Use ability | 146 | |
1932 total
» units
| Peasant | 15 | |
| Footman | 4 | |
| Goblin Shredder | 1 | |
| Gryphon Rider | 7 | |
| Goblin Zeppelin | 1 | |
| Siege Engine | 6 | |
| Green Dragon | 1 | |
| Green Drake | 1 | |
36 total
» upgrades
| Masonry | 3 | |
| Swords | 3 | |
| Armor | 3 | |
| Storm Hammers | 1 | |
| Animal War Training | 1 | |
| Gunpowder | 3 | |
| Plating | 3 | |
| Barrage | 1 | |
| Cloud | 1 | |
| Fragmentation Shards | 1 | |
| Flying Machine Bombs | 1 | |
| Flak Cannons | 1 | |
| Flare | 1 | |
23 total
» buildings
| Altar of Kings | 1 | |
| Barracks | 1 | |
| Farm | 9 | |
| Arcane Vault | 1 | |
| Keep | 2 | |
| Town Hall | 4 | |
| Castle | 2 | |
| Lumber Mill | 2 | |
| Gryphon Aviary | 5 | |
| Blacksmith | 2 | |
| Scout Tower | 18 | |
| Guard Tower | 8 | |
| Workshop | 5 | |
60 total
» build order
00:40 Altar of Kings
00:42 Barracks
00:56 Farm
00:58 Farm
01:05 Farm
01:48 Farm
03:15 Arcane Vault
04:07 Keep
04:18 Town Hall
06:31 Castle
07:15 Lumber Mill
08:26 Gryphon Aviary
08:27 Gryphon Aviary
08:27 Gryphon Aviary
08:29 Gryphon Aviary
08:35 Gryphon Aviary
08:40 Blacksmith
08:42 Blacksmith
08:45 Farm
10:24 Scout Tower
10:25 Scout Tower
10:29 Scout Tower
10:39 Scout Tower
10:40 Scout Tower
10:58 Guard Tower
11:08 Farm
11:08 Farm
11:10 Farm
11:10 Farm
11:30 Guard Tower
11:30 Guard Tower
11:30 Guard Tower
15:17 Guard Tower
15:29 Scout Tower
15:30 Scout Tower
15:30 Scout Tower
15:31 Scout Tower
15:31 Scout Tower
15:32 Scout Tower
15:32 Scout Tower
17:47 Workshop
17:48 Workshop
17:49 Workshop
17:53 Workshop
17:53 Workshop
18:00 Lumber Mill
20:22 Guard Tower
25:04 Town Hall
27:31 Town Hall
27:34 Town Hall
27:53 Scout Tower
27:54 Scout Tower
27:55 Scout Tower
27:56 Scout Tower
28:08 Keep
28:35 Guard Tower
30:45 Castle
31:17 Guard Tower
» items
| Mechanical Critter | 6 | |
| Potion of Healing | 3 | |
| Scroll of Regeneration | 4 | |
| Scroll of Town Portal | 4 | |
| Staff of Sanctuary | 1 | |
| Periapt of Vitality | 1 | |
| Boots of Speed | 1 | |
20 total
CHERRRYONBOTM (
pink | 44 APM | 1651 actions | 37:20)
3 Paladin
2 Holy Light
1 Divine Shield
2 Mountain King
1 Storm Bolt
1 Bash
» actions
| Assign group hotkey | 39 | |
| Basic commands | 50 | |
| Build / train | 52 | |
| Enter build submenu | 16 | |
| Enter hero's abilities submenu | 5 | |
| Right click | 668 | |
| Select / deselect | 256 | |
| Select group hotkey | 500 | |
| Use ability | 65 | |
1651 total
» units
» buildings
| Altar of Kings | 1 | |
| Barracks | 1 | |
| Farm | 4 | |
| Scout Tower | 20 | |
| Arcane Tower | 3 | |
| Arcane Vault | 1 | |
| Lumber Mill | 2 | |
| Keep | 1 | |
| Spirit Tower | 1 | |
| Guard Tower | 12 | |
| Town Hall | 1 | |
47 total
» build order
00:08 Altar of Kings
00:22 Barracks
00:36 Farm
00:51 Farm
01:32 Scout Tower
01:38 Farm
02:03 Arcane Tower
02:03 Arcane Tower
02:04 Arcane Tower
02:40 Arcane Vault
02:54 Lumber Mill
04:37 Keep
08:34 Spirit Tower
08:50 Farm
10:30 Scout Tower
10:30 Scout Tower
10:30 Scout Tower
10:32 Guard Tower
10:49 Scout Tower
10:50 Scout Tower
10:52 Scout Tower
10:53 Scout Tower
10:53 Scout Tower
10:55 Scout Tower
10:55 Scout Tower
11:00 Guard Tower
11:00 Guard Tower
11:11 Scout Tower
11:11 Scout Tower
11:12 Scout Tower
11:14 Scout Tower
11:15 Scout Tower
11:31 Guard Tower
11:31 Guard Tower
11:39 Lumber Mill
11:51 Scout Tower
11:52 Scout Tower
11:52 Scout Tower
11:53 Scout Tower
12:36 Guard Tower
12:36 Guard Tower
12:39 Guard Tower
12:41 Guard Tower
12:43 Guard Tower
12:43 Guard Tower
15:45 Guard Tower
21:45 Town Hall
» items
| Staff of Teleportation | 2 | |
| Scroll of Regeneration | 3 | |
| Ivory Tower | 4 | |
9 total
Asus_ (
yellow | 59 APM | 393 actions | 06:40)
1 Death Knight
1 Death Coil
» actions
| Basic commands | 3 | |
| Build / train | 26 | |
| Enter build submenu | 10 | |
| Enter hero's abilities submenu | 1 | |
| Remove unit from queue | 3 | |
| Right click | 252 | |
| Select / deselect | 67 | |
| Use ability | 31 | |
393 total
» units
| Acolyte | 4 | |
| Crypt Fiend | 14 | |
| Ghoul | 1 | |
19 total
» buildings
| Graveyard | 1 | |
| Ziggurat | 3 | |
| Crypt | 1 | |
| Altar of Darkness | 1 | |
| Tomb of Relics | 1 | |
7 total
» build order
00:05 Graveyard
00:07 Ziggurat
00:42 Crypt
00:59 Altar of Darkness
01:19 Ziggurat
01:27 Tomb of Relics
02:14 Ziggurat
» items
Chat log
(00:13 / All) CHERRRYONBOTM: jmoney in da house
(00:18 / All) Jmoney1: lol
(01:59 / All) CHERRRYONBOTM: wc4 or katy perry for one night
(02:16 / All) AllPigsMustDie: Tick tock, tick tock, tick tock, three piggies standing in the dark
(02:17 / All) BrokenClock: katy perry for one night, donkey punch that slut
(02:24 / All) AllPigsMustDie: their pockets all empty and bare, their futures their homes nowhere
(02:31 / All) AllPigsMustDie: with egos they decide to lead, with stupidity they ooze and bleed
(02:49 / All) AllPigsMustDie: What comfort they could have had, is now gone and up for grab
(05:36 / All) AllPigsMustDie: I thought you and green were allies for a sec
(06:47 / All) BrokenClock: wow
(06:48 / All) BrokenClock: what a pussy
(06:55 / All) AllPigsMustDie: wtf why did he leave
(07:04 / All) BrokenClock: creep jacked
(07:07 / All) AllPigsMustDie: LOL
(07:12 / All) CHERRRYONBOTM: cuz i RIGHTFULLY had militia tp'd an expo and he decided it was his
(07:25 / All) BrokenClock: oh
(07:27 / All) CHERRRYONBOTM: i mean not tp'd but militia
(07:29 / All) BrokenClock: and he got creep jacked
(07:39 / All) BrokenClock: what a dumb faggot
(07:46 / All) BrokenClock: I don't understand people like that
(07:57 / All) BrokenClock: someone else creeps the expo and they take it like there won't be problems
(08:01 / All) Jmoney1: we embarrassed him
(08:19 / All) CHERRRYONBOTM: i truthfully had it half dead before he said it was his
(09:33 / Allies) Jmoney1: lumber?
(09:51 / All) CHERRRYONBOTM: can uguy attack my bsae next
(10:00 / All) Jmoney1: ya where u at?
(10:07 / All) CHERRRYONBOTM: next one over
(10:11 / All) CHERRRYONBOTM: by yellow
(10:14 / Allies) Jmoney1: is this a trap?
(10:42 / All) CHERRRYONBOTM: i dont have shit see
(10:45 / All) CHERRRYONBOTM: kil that base of mine
(12:15 / All) CHERRRYONBOTM: asshole didnt even know acer is better than asus
(12:46 / Allies) Jmoney1: lumber plz
(14:20 / All) CHERRRYONBOTM: all urs jmoney
(15:56 / All) AllPigsMustDie: lawl green sucks
(15:59 / All) AllPigsMustDie: but I still fucked that up
(16:19 / Allies) Major-Johnson: wood?
(17:03 / Allies) Dharry13: lmao
(17:06 / Allies) Dharry13: they aint aa
(19:29 / Allies) Dharry13: gold blue
(19:33 / Allies) AllPigsMustDie: huh?
(19:36 / Allies) AllPigsMustDie: gold is the colour gold
(19:39 / Allies) Dharry13: gold pls
(19:43 / Allies) AllPigsMustDie: what is pls?
(19:47 / Allies) AllPigsMustDie: sorry I just got this game yesterday
(19:50 / Allies) Dharry13: please
(19:56 / Allies) AllPigsMustDie: please what?
(20:02 / Allies) Dharry13: can i have some gold lol
(20:10 / Allies) AllPigsMustDie: sure, hang on
(20:32 / Allies) AllPigsMustDie: there ya go
(23:10 / All) Jmoney1: never piss off a dragon
(23:18 / All) CHERRRYONBOTM: VASERYS!
(23:42 / Allies) Jmoney1: lumber
(24:32 / Allies) Jmoney1: u fuck
(24:38 / Allies) Jmoney1: fuck off
(24:47 / All) CHERRRYONBOTM: NEVER PISS OFF THE DRAGON RAR
(25:00 / Allies) Jmoney1: nigga
(25:08 / All) Jmoney1: my ally kill me
(25:09 / All) Jmoney1: gg
(25:16 / All) AllPigsMustDie: Never piss of a dragon dude
(25:19 / All) CHERRRYONBOTM: OH come on u should have more fight in u than that
(25:48 / Allies) Jmoney1: we lose
(26:29 / All) AllPigsMustDie: I thought this would be harder than it was
(27:03 / All) AllPigsMustDie: teal has toggle formation on
(27:06 / Allies) Dharry13: wtf
(27:07 / Allies) Dharry13: dude
(27:41 / Allies) Dharry13: wow
(27:45 / Allies) Dharry13: your a fag
(28:02 / All) AllPigsMustDie: I'm not a fag
(28:11 / Allies) Dharry13: fucking faggot
(28:20 / All) CHERRRYONBOTM: IM NOT A BITCH GREEN
(29:15 / All) AllPigsMustDie: Bad idea stopping to kill that worker
(29:37 / All) Clamydia: not really i was fucked either way
(29:51 / Allies) AllPigsMustDie: stop spamming my towers
(29:51 / All) CHERRRYONBOTM: i realistically had no choice but to tip to purples base and tower it. teal/oj were already killing yellows base
(29:59 / All) Clamydia: Cherry Bitch wont stop killing my troops
(30:01 / All) CHERRRYONBOTM: idiot yellow
(30:18 / All) Clamydia: stfu cherry bitch
(30:29 / All) CHERRRYONBOTM: i am no cherry bitch
(30:32 / All) CHERRRYONBOTM: what is a cherry bitch
(30:48 / All) Clamydia: your mom...
(31:09 / All) BrokenClock: I ain't no hollar back gurl
(31:27 / All) CHERRRYONBOTM: i still have a base an army green
(31:29 / All) CHERRRYONBOTM: while u have nata
(32:00 / All) Clamydia: and...
(32:05 / All) CHERRRYONBOTM: i am proud of this
(32:24 / All) CHERRRYONBOTM: u are a lesser man since you didnt defend me vs our ally yellow
(32:33 / All) CHERRRYONBOTM: jmoney u here?
(32:35 / All) Clamydia: yeah only thing your good at in life... gotta be proud of something
(32:42 / All) CHERRRYONBOTM: you're*
(33:17 / All) Jmoney1: lol cherry bottome beating down those farms
(33:31 / All) CHERRRYONBOTM: hes an arrogant bastard
(33:39 / All) CHERRRYONBOTM: didnt even notice me and yellow killing each other
(33:59 / All) CHERRRYONBOTM: was ur quote from game of thrones?
(34:01 / All) Clamydia: i noticed your a dumb fuck
(34:10 / All) CHERRRYONBOTM: don't wake the dragon?
(34:11 / All) Jmoney1: what a jacked up game
(34:15 / All) Jmoney1: well im out
(35:10 / All) AllPigsMustDie: Bad luck for him
(35:22 / All) BrokenClock: Sorry green, but you're toast now
(35:58 / All) CHERRRYONBOTM: u should be ashamed of ur performance green
(36:06 / All) AllPigsMustDie: Green is a scrub noob
(36:10 / All) AllPigsMustDie: Orange 9-5
(36:12 / All) BrokenClock: green was the worst
(36:18 / All) AllPigsMustDie: Teal 851-933 LOL
(36:23 / All) AllPigsMustDie: Red 27-37 LOL
(36:36 / All) AllPigsMustDie: Yellow 395-447
(36:40 / All) BrokenClock: your team lose probably
(36:42 / All) BrokenClock: since 3 of them
(36:44 / All) AllPigsMustDie: Green 251-265
(36:49 / All) BrokenClock: actually
(36:51 / All) BrokenClock: yellow deserves lose
(36:57 / All) BrokenClock: yellow deserves it